 Dungeon Crawl Stone Soup version 0.28-a0-906-g0406aca7d3 (webtiles) character file.

Game seed: 15958665543405522484

70 bande the Covered (level 4, -3/29 HPs)
             Began as a Gargoyle Fighter on Nov 24, 2021.
             Slain by a worm (6 damage)
             ... on level 3 of the Dungeon.
             The game lasted 00:02:30 (2422 turns).

bande the Covered (Gargoyle Fighter)                Turns: 2422, Time: 00:02:30

Health: -3/29      AC: 13    Str: 20    XL:     4   Next: 22%
Magic:  4/4        EV:  7    Int:  9    God:
Gold:   110        SH:  0    Dex:  9    Spells: 3/3 levels left

rFire   . . .      SeeInvis .   a - +0 war axe
rCold   . . .      Faith    .   c - +0 buckler
rNeg    + . .      Spirit   .   i - +0 chain mail
rPois   ∞          Reflect  .   (no helmet)
rElec   +          Harm     .   (no cloak)
rCorr   .          Rampage  .   (no gloves)
Will    .....                   (no boots)
Stlth   ..........              (no amulet)
HPRegen 0.09/turn               (no ring)
MPRegen 0.09/turn               (no ring)

@: confused
A: sickness immunity, AC +3, negative energy resistance 1, electricity
resistance, torment resistance 1, petrification resistance
a: no special abilities


You were on level 3 of the Dungeon.
You visited 1 branch of the dungeon, and saw 3 of its levels.

You collected 110 gold pieces.

Inventory:

Hand Weapons
 a - a +0 war axe (weapon)
Armour
 c - a +0 buckler (worn)
 i - a +0 chain mail (worn)
Scrolls
 f - a scroll of identify {unknown}
Potions
 b - a potion of haste {unknown}
 d - 2 potions of might
 e - a potion of brilliance {unknown}
 g - 4 potions of curing {unknown}
 j - a potion of ambrosia {unknown}


   Skills:
 + Level 3.7 Fighting
 + Level 2.8 Axes
 + Level 3.9 Armour
 + Level 3.7 Shields


You had 3 spell levels left.
You didn't know any spells.
Your spell library contained the following spells:

 Spells                   Type           Power      Damage    Failure   Level
 Summon Guardian Golem    Hex/Summ       0%         N/A       100%        3
 Orb of Destruction       Conj           0%         N/A       100%        7
 Spellforged Servitor     Conj/Summ      0%         N/A       100%        7


Dungeon Overview and Level Annotations

Branches:
Dungeon (3/15)

Altars:
Makhleb
Trog
Wu Jian


Innate Abilities, Weirdness & Mutations

You are immune to sickness and miasma.
Your stone body is resilient. (AC +3)
You are immune to poison.
You resist negative energy. (rN+)
You are resistant to electric shocks. (rElec)
You are resistant to unholy torment.
You are immune to petrification.


Message History

Deactivating autopickup; reactivate with Ctrl-A.
You closely miss the ball python.
The ball python bites you but does no damage.
The ball python grabs you. The ball python constricts you.
The orc priest invokes the aid of Beogh against you.
Beogh smites you! The ball python barely misses you.
The ball python constricts you. The goblin hits you but does no damage.
The orc wizard casts a spell at you.
You are confused.
Your chain mail prevents you from hitting the ball python.
You closely miss the goblin.
The orc wizard casts a spell.
The orc wizard flickers and vanishes!
The ball python completely misses you. The ball python constricts you.
The goblin hits you but does no damage.
The orc wizard mumbles some strange words.
The orc wizard flickers and vanishes!
You slash the orc!
You kill the orc!
You miss the ball python. You slash the goblin!
You kill the goblin!
The ball python barely misses you. The ball python constricts you.
A magic dart appears from out of thin air!
The magic dart hits you. The ball python barely misses you.
The ball python constricts you.
You hit something. You hit the worm. You slash the ball python!
You kill the ball python!
The worm bites you but does no damage. Something hits you.
Unknown command.
You hear some strange, mumbled words.
You are more confused.
The orc priest calls down the wrath of Beogh upon you.
Beogh smites you!
* * * LOW HITPOINT WARNING * * *
Something hits you but does no damage.
You miss something. You barely miss something. You completely miss the worm.
You closely miss something.
You hear some strange, mumbled words.
Something tries to affect you, but you resist.
The worm bites you.
You die...

#########.........
#≈≈≈≈≈≈≈#.........
#≈.....≈#.........
#≈.≈#≈.≈#.........
#≈.≈≈≈.≈#.........
#≈.≈#≈.≈#.........
#≈.)...≈#......... ##
#≈≈≈.≈≈≈#w@)o.....
.###
####'####..)......
...# #.#..# #..#######
##.####.#..## #....##
##....#.##..###.....##
§####...#...##.......#
######...............#
....####.............#
###.................##


You could see a worm and an orc priest.

Vanquished Creatures
  A shadow imp (D:3)
  3 dart slugs
  6 orcs (D:3)
  3 ball pythons
  3 bats
  3 endoplasms
  2 giant cockroaches
  5 goblins
  5 hobgoblins
  3 jackals (D:2)
  4 kobolds
  2 quokkas
  A rat (D:1)
41 creatures vanquished.

Notes
Turn   | Place    | Note
-------+----------+-------------------------------------------
     0 | D:1      | bande the Gargoyle Fighter began the quest for the Orb.
     0 | D:1      | Reached XP level 1. HP: 14/14 MP: 1/1
   448 | D:1      | Found a faded altar of an unknown god.
   459 | D:1      | Reached XP level 2. HP: 14/19 MP: 2/2
   926 | D:2      | Reached XP level 3. HP: 10/23 MP: 3/3
  2220 | D:3      | Reached XP level 4. HP: 29/29 MP: 4/4
  2308 | D:3      | Found a bloodstained altar of Trog.
  2345 | D:3      | Found a burning altar of Makhleb.
  2389 | D:3      | Found an ornate altar of the Wu Jian Council.
  2422 | D:3      | Slain by a worm

Illustrated notes

Levels and vault maps discovered:
D:1:      nicolae_arrival_somewhat_less_tricky_arrival, layout_loops_cross,
          basic_ecumenical_altar
D:2:      layout_loops_ring
D:3:      layout_rooms, mainiacjoe_overflow_alcove_2,
          lemuel_coloured_pillars_altar, pdpol_wu_jian_five_deadly_venoms,
          mainiacjoe_overflow_alcove_4, kennysheep_generic_room_11

Skill      XL: |  1 |
---------------+----+-----
Axes           | 2 |  2.8
Fighting       | |  3.7
Armour         | |  3.9
Shields        | |  3.7

Action                   |  1- 3 |  4- 6 || total
-------------------------+-------+-------++-------
Melee: War axe           |   113 |    12 ||   125
  Use: Scroll            |     3 |       ||     3
Armor: Scale mail        |    51 |       ||    51
       Chain mail        |    18 |    11 ||    29
Dodge: Dodged            |    57 |     5 ||    62
Block: Buckler           |    18 |     1 ||    19

Table legend: (Time is in decaauts)
 A = Elapsed time spent in this place.
 B = Non-inter-level travel time spent in this place.
 C = Inter-level travel time spent in this place.
 D = Time resting spent in this place.
 E = Time spent auto-exploring this place.
 F = Levels seen in this place.
 G = Mean time per level.
                   A        B        C        D        E       F      G
               +--------+--------+--------+--------+--------+-----+--------+
         Total |   2470 |   2413 |     57 |    289 |   1766 |   3 |  823.3 |
       Dungeon |   2470 |   2413 |     57 |    289 |   1766 |   3 |  823.3 |
               +--------+--------+--------+--------+--------+-----+--------+

Top non-repeatable levels by time:
     D:2: 1101 daAuts
     D:1: 911 daAuts
     D:3: 458 daAuts
